 Dungeon Crawl Stone Soup version 0.30-a0-570-g486de37d69 (webtiles) character file.

Game seed: 9592181247475876637

23 rsvaco the Conjurer (level 2, 0/20 HPs)
             Began as a Demigod Conjurer on Dec 29, 2022.
             Slain by a frilled lizard (2 damage)
             ... on level 1 of the Dungeon.
             The game lasted 00:02:47 (497 turns).

rsvaco the Conjurer (Demigod Conjurer)               Turns: 497, Time: 00:02:47

Health: 0/20       AC:  2    Str:  8    XL:     2   Next: 54%
Magic:  1/7        EV: 12    Int: 20    God:
Gold:   70         SH:  0    Dex: 12    Spells: 3/4 levels left

rFire   . . .      SeeInvis .    (no weapon)
rCold   . . .      Faith    .    (no shield)
rNeg    . . .      Spirit   .    a - +0 robe
rPois   .          Reflect  .    (no helmet)
rElec   .          Harm     .    (no cloak)
rCorr   .          Rampage  .    (no gloves)
Will    .....                    (no boots)
Stlth   ++                       (no amulet)
HPRegen 0.23/turn                (no ring)
MPRegen 0.10/turn                (no ring)

@: no status effects
A: high MP 1, forlorn, divine attributes
a: no special abilities


You were on level 1 of the Dungeon.
You visited 1 branch of the dungeon, and saw 1 of its levels.

You collected 70 gold pieces.

Inventory:

Hand Weapons
 f - a +0 sling
Armour
 a - a +0 robe (worn)
 g - a +0 ring mail
Scrolls
 c - a scroll of blinking
 d - a scroll of fog {unknown}
 h - a scroll of poison {unknown}
Potions
 b - a potion of magic
 e - a potion of cancellation {unknown}


   Skills:
 + Level 1.8 Dodging
 + Level 1.9 Stealth
 + Level 0.3 Unarmed Combat
 + Level 1.9 Spellcasting
 + Level 4.1 Conjurations


You had 3 spell levels left.
You knew the following spells:

 Your Spells              Type           Power      Damage    Failure   Level
a - Magic Dart            Conj           72%        1d6       3%          1

Your spell library contained the following spells:

 Spells                   Type           Power      Damage    Failure   Level
 Searing Ray              Conj           36%        2d5       4%          2
 Dazzling Flash           Conj/Hex       20%        N/A       21%         3
 Fulminant Prism          Conj/Hex       5%         3d7       56%         4
 Iskenderun's Mystic Bla  Conj/Tloc      10%        2d4       56%         4


Dungeon Overview and Level Annotations

Branches:
Dungeon (1/15)


Innate Abilities, Weirdness & Mutations

You have an increased reservoir of magic. (+10% MP)
You shall have no god before yourself.
Your divine heritage dramatically boosts your attributes as you level up.


Message History

The gnoll is almost dead.
The gnoll completely misses you. The frilled lizard bites you.
You hit the gnoll.
The gnoll is almost dead.
The gnoll closely misses you. The frilled lizard barely misses you.
You hit the gnoll but do no damage.
The gnoll is almost dead.
The gnoll barely misses you. The frilled lizard barely misses you.
You hit the gnoll but do no damage.
The gnoll is almost dead.
The gnoll hits you with a +0 spear. The frilled lizard misses you.
You are too injured to fight recklessly!
You are too injured to fight recklessly!
You are too injured to fight recklessly!
You are too injured to fight recklessly!
You are too injured to fight recklessly!
You are too injured to fight recklessly!
You are too injured to fight recklessly!
The gnoll hits you with a +0 spear.
* * * LOW HITPOINT WARNING * * *
The frilled lizard closely misses you.
You barely miss the gnoll.
The gnoll is almost dead.
The gnoll barely misses you. The frilled lizard bites you.
* * * LOW HITPOINT WARNING * * *
You hit the gnoll.
The gnoll is almost dead.
The gnoll barely misses you. The frilled lizard closely misses you.
You hit the gnoll but do no damage.
The gnoll is almost dead.
The gnoll closely misses you. The frilled lizard bites you.
* * * LOW HITPOINT WARNING * * *
You barely miss the gnoll.
The gnoll is almost dead.
The gnoll closely misses you.
The frilled lizard bites you but does no damage.
You barely miss the gnoll.
The gnoll is almost dead.
The gnoll barely misses you. The frilled lizard bites you.
You die...

##.#.#.# #.# #.
#.#.#.# #.###..
..
#.....###......
...#.#...........
##..†#######..
#..#.# #
#.#.#.#######..#
###.#...†l.....#
#.....@g.....#
##############


You could see a gnoll and a frilled lizard.

Vanquished Creatures
  A dart slug (D:1)
  A bat (D:1)
  5 endoplasms (D:1)
  2 giant cockroaches (D:1)
  A goblin (D:1)
  2 hobgoblins (D:1)
  A quokka (D:1)
  A ball python (D:1)
  A frilled lizard (D:1)
  A kobold (D:1)
  2 rats (D:1)
18 creatures vanquished.

Notes
Turn   | Place    | Note
-------+----------+-------------------------------------------
     0 | D:1      | rsvaco the Demigod Conjurer began the quest for the Orb.
     0 | D:1      | Reached XP level 1. HP: 14/14 MP: 5/5
   176 | D:1      | Reached skill level 4 in Conjurations
   176 | D:1      | Reached XP level 2. HP: 18/20 MP: 2/7
   495 | D:1      | HP: 1/20 [frilled lizard (2)]
   497 | D:1      | Slain by a frilled lizard

Illustrated notes

Levels and vault maps discovered:
D:1:      minmay_arrival_up_and_down, layout_loops_ring, basic_ecumenical_altar

Skill      XL: |  1 |
---------------+----+-----
Conjurations   | 4 |  4.1
Dodging        | |  1.8
Stealth        | |  1.9
Unarmed Combat | |  0.3
Spellcasting   | |  1.9

Action                   || total
-------------------------++-------
Melee: Unarmed           ||    45
 Cast: Magic Dart        ||    38
  Use: Scroll            ||     1
Armor: Robe              ||     6
Dodge: Dodged            ||    49

Table legend: (Time is in decaauts)
 A = Elapsed time spent in this place.
 B = Non-inter-level travel time spent in this place.
 C = Inter-level travel time spent in this place.
 D = Time resting spent in this place.
 E = Time spent auto-exploring this place.
 F = Levels seen in this place.
 G = Mean time per level.
                   A        B        C        D        E       F      G
               +--------+--------+--------+--------+--------+-----+--------+
         Total |    496 |    496 |      0 |      0 |    197 |   1 |  496.0 |
       Dungeon |    496 |    496 |      0 |      0 |    197 |   1 |  496.0 |
               +--------+--------+--------+--------+--------+-----+--------+

Top non-repeatable levels by time:
     D:1: 496 daAuts
